 Dungeon Crawl Stone Soup version 0.23.2-33-g5129a83184 (webtiles) character file.

Game seed: 4169761088735946097

11 Folque the Conjurer (level 2, 10/20 HPs)
             Began as a Demigod Conjurer on July 13, 2019.
             Got out of the dungeon alive.
             The game lasted 00:01:42 (332 turns).

Folque the Conjurer (Demigod Conjurer)               Turns: 332, Time: 00:01:43

Health: 10/20      AC:  2    Str: 11    XL:     2   Next: 6%
Magic:  7/7        EV: 12    Int: 19    God:
Gold:   8          SH:  0    Dex: 16    Spells: 1/4 levels left

rFire    . . .     SeeInvis .   i - +0 dagger
rCold    . . .     Gourm    .   (no shield)
rNeg     . . .     Faith    .   a - +0 robe
rPois    .         Spirit   .   (no helmet)
rElec    .         Reflect  .   (no cloak)
rCorr    .         Harm     .   (no gloves)
MR       .....                  (no boots)
Stlth    ++........             (no amulet)
HPRegen  0.06/turn              (no ring)
MPRegen  0.10/turn              (no ring)

@: no status effects
A: high mp 1
a: no special abilities


You escaped.
You were not hungry.

You visited 1 branch of the dungeon, and saw 1 of its levels.

You collected 8 gold pieces.

Inventory:

Hand Weapons
 h - a cursed +0 club
 i - a +0 dagger (weapon)
Armour
 a - a +0 robe (worn)
Jewellery
 b - a cursed ring of attention {unknown}
Scrolls
 g - a scroll of fog {unknown}
Potions
 d - a potion of flight {unknown}
 e - a potion of resistance {unknown}
 f - a potion of degeneration {unknown}
Comestibles
 c - 3 rations
 j - 2 chunks of flesh


   Skills:
 + Level 0.0 Fighting
 - Level 1.8 Dodging
 - Level 1.8 Stealth
 + Level 1.8 Spellcasting
 + Level 4.1 Conjurations


You had one spell level left.
You knew the following spells:

 Your Spells              Type           Power        Failure   Level  Hunger
a - Magic Dart            Conj           ###.         3%          1    #......
b - Searing Ray           Conj           ###...       4%          2    ###....

Your spell library contained the following spells:

 Spells                   Type           Power        Failure   Level  Hunger
 Dazzling Spray           Conj/Hex       #.....       22%         3    ###....
 Iskenderun's Mystic Bla  Conj           ###.....     32%         4    #####..
 Force Lance              Conj/Tloc      #.......     58%         4    #####..
 Fulminant Prism          Conj/Hex       #.........   58%         4    #####..


Dungeon Overview and Level Annotations

Branches:
Dungeon (1/15)


Innate Abilities, Weirdness & Mutations

You have an increased reservoir of magic. (+10% MP)


Message History

Confirm with . or Enter, or press ? or * to list all spells.
Aiming: Magic Dart (safe; 3% risk of failure)
Press: ? - help, Shift-Dir - straight line, f/p - hobgoblin
Aim: a hobgoblin, wielding a +0 club (moderately wounded)
The magic dart hits the hobgoblin.
You kill the hobgoblin!
Things that are here:
a +0 club; a hobgoblin corpse You butcher the hobgoblin corpse.
j - 2 chunks of flesh
Things that are here:
a +0 club; a hobgoblin skeleton Memorise Searing Ray, consuming 2 spell levels and leaving 1?
You start memorising the spell.
You continue memorising. x2
You finish memorising.
Spell assigned to 'b'.
There is a staircase leading out of the dungeon here.
Are you sure you want to leave the Dungeon?
This will make you lose the game!
Alright, then stay!
Are you sure you want to leave the Dungeon?
This will make you lose the game!
You have escaped!

#.# #.### #.# #.##.
##################.###.##.
#...................†.....
#>........................
#############...##.####.####...
#.......# ##'.............#####
#.......###>#......########
#######'##.##.@......#
########..###....#+#+#####
#...##..#'######.........#
#.>.'.###......##........#
#...### #......##........# ##
#...# #......##........# #.
##### #########........# #.
#........# #. #........# ####


There were no monsters in sight!

Vanquished Creatures
  A leopard gecko (D:1)
  A giant cockroach (D:1)
  3 goblins (D:1)
  2 hobgoblins (D:1)
  A kobold (D:1)
  A rat (D:1)
9 creatures vanquished.

Notes
Turn   | Place    | Note
-------+----------+-------------------------------------------
     0 | D:1      | Folque the Demigod Conjurer began the quest for the Orb.
     0 | D:1      | Reached XP level 1. HP: 14/14 MP: 5/5
   123 | D:1      | Reached skill level 4 in Conjurations
   289 | D:1      | Reached XP level 2. HP: 12/20 MP: 5/7
   298 | D:1      | Learned a level 2 spell: Searing Ray
   332 | D:$      | Got out of the dungeon alive.

Skill      XL: |  1 |
---------------+----+-----
Conjurations   | 4 |  4.1
Dodging        | |  1.8
Stealth        | |  1.8
Spellcasting   | |  1.8

Action                   || total
-------------------------++-------
Melee: Dagger            ||     7
       Unarmed           ||     3
 Cast: Magic Dart        ||     9
Armor: Robe              ||     4
Dodge: Dodged            ||     7
